cohdb
Replays
Latest Replays
All Replays
Popular Replays
Top Player Replays
Match Explorer
How It Works
Community
CoH3 Stats
Reddit
Sign in to upload your games and track your stats! →
Sign in with Steam
Match 44568670
Unlisted
Match 44568670
Overview
Messages
Build Orders
End
Kradschützen Motorcycle Team
Panzergrenadier Squad
Selects Battlefield Espionage Battlegroup
Panzergrenadier Squad
Construct Light Support Kompanie
Fire Support Elements
Panzergrenadier Squad
Flakvierling Half-track
Selects Intel Disruption Beacon
le.IG 18 Support Gun Team
2.5-tonne Medical Truck
Pak 38 Anti-tank Gun Team
Selects Plunder
Construct Panzerarmee Kommand
Panzerpioneer Squad
Selects Firestorm
Walking Stuka Rocket Launcher
Selects 250/3 Funkpanzerwagen
Selects Anti-Tank Incendiary Munitions
Veteran Squad Leaders
Armored Reserves
Tungsten Core Ammunition
Panzer III L Medium Tank
DrewP
Dillbro
Mattejoni
Evert Taube
0
0
Comments
sign in to comment!
No comments posted yet!